[ AOE2 MATCH · #474109891 ]
UnrankedJurchens vs Berbers
[ REPLAY ANALYSIS · EXTRACTED FROM THE RECORDED GAME ]
Feudal
10:33
Castle
16:20
Imperial
—
| APM avg | 50.0 |
| APM peak | 105 |
| eAPM avg | 23.8 |
| Villagers / military | 118 / 40 |
Focus
⚔️ 30.4% · 🌾 69.6%
Unknown (1908) ×94 · Scout Cavalry ×21 · Fire Lancer ×8 · Steppe Lancer ×6 · Spearman ×5
Feudal
9:34
Castle
22:32
Imperial
—
| APM avg | 25.1 |
| APM peak | 48 |
| eAPM avg | 12.7 |
| Villagers / military | 134 / 123 |
Focus
⚔️ 26.6% · 🌾 73.4%
Camel Scout ×37 · Genitour ×36 · Knight ×24 · Spearman ×12 · Scout Cavalry ×9 · Skirmisher ×4
Feudal
9:03
Castle
21:13
Imperial
38:48
| APM avg | 46.2 |
| APM peak | 82 |
| eAPM avg | 21.4 |
| Villagers / military | 140 / 130 |
Focus
⚔️ 32.3% · 🌾 67.7%
Mangudai ×91 · Steppe Lancer ×26 · Scout Cavalry ×7 · Monk ×3 · Spearman ×2 · Trebuchet (Packed) ×1
Feudal
10:08
Castle
24:45
Imperial
42:55
| APM avg | 24.0 |
| APM peak | 71 |
| eAPM avg | 13.0 |
| Villagers / military | 109 / 179 |
Focus
⚔️ 33.6% · 🌾 66.4%
Archer ×94 · Cavalry Archer ×66 · Genitour ×10 · Mangonel ×5 · Spearman ×4
Match map
Initial resources + every placement click. Lines = walls · curves = elevation contours. ◆ gold · ⬟ stone · ● berries · ✦ relic · ◌ wall gap
Your base· Open — 14t gap
Scho-Ko_Gnu's base· Open — 6t gap
juanca12's base· Open — 5t gap
Don Cath!'s base· Open — 2t gap
Smoothed initial terrain · ◌ = detected wall gap · hover for details
Inputs per minute
— Morrión - - Scho-Ko_Gnu
Build order — Morrión
First 150 of 380 actions detected
| 0:06 | Build | Town Center |
| 1:09 | Create | Villager (Male) |
| 1:09 | Create | Villager (Male) |
| 1:10 | Create | Villager (Male) |
| 1:10 | Create | Villager (Male) |
| 2:30 | Create | Villager (Male) |
| 2:30 | Create | Villager (Male) |
| 3:14 | Create | Villager (Male) |
| 3:14 | Create | Villager (Male) |
| 3:26 | Build | Lumber Camp |
| 3:30 | Create | Villager (Male) |
| 4:15 | Build | Mill |
| 4:24 | Create | Villager (Male) |
| 4:46 | Create | Villager (Male) |
| 5:04 | Create | Villager (Male) |
| 5:04 | Create | Villager (Male) |
| 5:16 | Build | House |
| 5:28 | Create | Villager (Male) |
| 5:49 | Create | Villager (Male) |
| 5:57 | Build | House |
| 6:11 | Create | Villager (Male) |
| 7:39 | Research | Loom |
| 8:00 | Build | Barracks |
| 8:09 | Build | Palisade Wall |
| 8:23 | Research | Feudal Age |
| 9:53 | Build | Mining Camp |
| 9:58 | Create | Villager (Male) |
| 9:58 | Create | Villager (Male) |
| 10:33 | Age | Feudal Age |
| 11:07 | Create | Villager (Male) |
| 11:32 | Build | Stable |
| 11:34 | Create | Villager (Male) |
| 11:45 | Build | House |
| 11:53 | Create | Villager (Male) |
| 12:07 | Create | Spearman |
| 12:26 | Create | Scout Cavalry |
| 12:38 | Create | Spearman |
| 12:50 | Build | Blacksmith |
| 12:53 | Create | Spearman |
| 12:55 | Create | Scout Cavalry |
| 13:03 | Build | House |
| 13:31 | Create | Scout Cavalry |
| 13:33 | Create | Spearman |
| 13:38 | Build | House |
| 13:40 | Research | Castle Age |
| 13:44 | Create | Scout Cavalry |
| 13:51 | Build | Stable |
| 13:58 | Create | Spearman |
| 15:30 | Research | Scale Barding Armor |
| 15:32 | Create | Scout Cavalry |
| 16:20 | Age | Castle Age |
| 16:23 | Create | Villager (Male) |
| 16:23 | Create | Villager (Male) |
| 16:27 | Build | Town Center |
| 16:52 | Create | Scout Cavalry |
| 16:53 | Create | Scout Cavalry |
| 16:59 | Build | Farm |
| 16:59 | Create | Villager (Male) |
| 17:14 | Create | Villager (Male) |
| 17:14 | Create | Villager (Male) |
| 17:33 | Create | Villager (Male) |
| 17:53 | Build | Market |
| 18:03 | Research | Light Cavalry (upgrade) |
| 18:13 | Build | Town Center |
| 18:19 | Create | Scout Cavalry |
| 18:45 | Create | Villager (Male) |
| 18:46 | Create | Villager (Male) |
| 18:55 | Build | Farm |
| 18:56 | Build | Farm |
| 18:56 | Build | Farm |
| 18:56 | Build | Farm |
| 19:08 | Create | Villager (Male) |
| 19:09 | Create | Villager (Male) |
| 19:35 | Build | Farm |
| 19:51 | Build | Mill |
| 20:10 | Build | Farm |
| 20:16 | Research | Bloodlines |
| 20:26 | Build | Farm |
| 20:46 | Build | Farm |
| 20:48 | Build | Farm |
| 21:00 | Create | Villager (Male) |
| 21:01 | Create | Villager (Male) |
| 21:28 | Create | Villager (Male) |
| 21:33 | Build | Farm |
| 21:54 | Research | Horse Collar |
| 21:57 | Build | Farm |
| 22:00 | Build | Farm |
| 22:03 | Create | Villager (Male) |
| 22:05 | Create | Villager (Male) |
| 22:37 | Create | Steppe Lancer |
| 22:37 | Create | Steppe Lancer |
| 22:39 | Create | Villager (Male) |
| 22:41 | Build | Farm |
| 22:44 | Build | Farm |
| 22:46 | Build | Farm |
| 22:54 | Build | Farm |
| 22:56 | Create | Villager (Male) |
| 22:57 | Create | Villager (Male) |
| 23:21 | Create | Steppe Lancer |
| 23:21 | Create | Steppe Lancer |
| 23:26 | Build | Farm |
| 23:28 | Build | Farm |
| 23:38 | Build | Farm |
| 23:38 | Create | Villager (Male) |
| 23:42 | Build | House |
| 23:43 | Build | House |
| 23:43 | Build | House |
| 23:50 | Research | Forging |
| 24:05 | Create | Fire Lancer |
| 24:05 | Create | Fire Lancer |
| 24:12 | Build | House |
| 24:14 | Build | House |
| 24:40 | Create | Steppe Lancer |
| 24:40 | Create | Steppe Lancer |
| 24:45 | Create | Fire Lancer |
| 25:02 | Create | Villager (Male) |
| 25:03 | Create | Villager (Male) |
| 25:03 | Create | Villager (Male) |
| 25:03 | Create | Villager (Male) |
| 25:06 | Build | House |
| 25:08 | Build | House |
| 25:14 | Build | Mill |
| 25:21 | Create | Fire Lancer |
| 25:21 | Create | Fire Lancer |
| 25:25 | Create | Villager (Male) |
| 25:26 | Create | Villager (Male) |
| 25:26 | Create | Villager (Male) |
| 25:26 | Create | Villager (Male) |
| 25:28 | Create | Villager (Male) |
| 25:28 | Create | Villager (Male) |
| 25:33 | Build | Farm |
| 26:40 | Research | Chain Barding Armor |
| 26:42 | Create | Villager (Male) |
| 26:42 | Create | Villager (Male) |
| 26:48 | Build | Mill |
| 26:49 | Build | Farm |
| 26:49 | Build | Farm |
| 26:49 | Build | Farm |
| 26:50 | Build | Farm |
| 26:50 | Build | Farm |
| 26:57 | Build | House |
| 26:58 | Build | House |
| 27:02 | Build | Mining Camp |
| 27:03 | Create | Villager (Male) |
| 27:03 | Create | Villager (Male) |
| 27:03 | Create | Villager (Male) |
| 27:26 | Research | Double-Bit Axe |
| 27:28 | Research | Scale Mail Armor |
| 27:31 | Create | Fire Lancer |
| 27:32 | Create | Fire Lancer |
Build order — Scho-Ko_Gnu
First 150 of 310 actions detected
| 0:16 | Build | Town Center |
| 1:21 | Create | Villager (Male) ×4 |
| 1:52 | Build | Lumber Camp |
| 1:57 | Create | Villager (Male) |
| 2:45 | Create | Villager (Male) |
| 3:00 | Create | Villager (Male) |
| 3:13 | Build | House |
| 3:32 | Create | Villager (Male) |
| 4:02 | Build | Mill |
| 4:08 | Create | Villager (Male) |
| 4:08 | Create | Villager (Male) |
| 5:21 | Create | Villager (Male) |
| 5:21 | Create | Villager (Male) |
| 5:22 | Create | Villager (Male) |
| 6:27 | Build | Barracks |
| 6:31 | Build | House |
| 6:39 | Research | Loom |
| 7:24 | Research | Feudal Age |
| 8:24 | Build | Mill |
| 8:29 | Create | Villager (Male) |
| 8:29 | Create | Villager (Male) |
| 8:34 | Build | Palisade Wall |
| 8:50 | Build | Building 796 |
| 9:34 | Age | Feudal Age |
| 9:35 | Build | Stable |
| 9:38 | Create | Spearman |
| 9:42 | Research | Double-Bit Axe |
| 10:17 | Create | Scout Cavalry |
| 10:18 | Create | Scout Cavalry |
| 10:21 | Create | Villager (Male) |
| 10:22 | Create | Villager (Male) |
| 11:05 | Create | Scout Cavalry |
| 11:34 | Research | Wheelbarrow |
| 11:46 | Create | Scout Cavalry |
| 11:55 | Build | House |
| 11:56 | Build | Blacksmith |
| 12:23 | Create | Scout Cavalry |
| 12:34 | Create | Spearman |
| 13:05 | Create | Scout Cavalry |
| 13:08 | Create | Villager (Male) |
| 13:12 | Build | Mill |
| 13:31 | Create | Spearman |
| 13:35 | Build | House |
| 13:41 | Build | Farm |
| 13:44 | Build | Farm |
| 13:50 | Create | Villager (Male) |
| 14:25 | Build | Mill |
| 14:30 | Create | Scout Cavalry |
| 14:36 | Create | Spearman |
| 14:44 | Build | Farm |
| 14:46 | Build | Farm |
| 14:49 | Build | Farm |
| 14:50 | Build | Farm |
| 14:51 | Create | Villager (Male) |
| 14:53 | Research | Horse Collar |
| 14:57 | Build | House |
| 14:59 | Create | Scout Cavalry |
| 15:13 | Create | Villager (Male) |
| 15:18 | Build | Farm |
| 15:33 | Build | House |
| 15:54 | Build | Farm |
| 15:59 | Build | Farm |
| 16:02 | Create | Villager (Male) |
| 16:02 | Create | Villager (Male) |
| 16:13 | Create | Spearman |
| 16:30 | Research | Forging |
| 16:58 | Build | Archery Range |
| 17:10 | Create | Scout Cavalry |
| 17:15 | Create | Villager (Male) |
| 17:15 | Create | Villager (Male) |
| 17:42 | Create | Villager (Male) |
| 17:47 | Build | Mining Camp |
| 18:06 | Build | Archery Range |
| 18:09 | Create | Spearman |
| 18:09 | Create | Spearman |
| 18:12 | Create | Archer |
| 18:31 | Create | Villager (Male) |
| 18:37 | Build | Market |
| 18:41 | Create | Villager (Male) |
| 19:14 | Create | Spearman |
| 19:15 | Create | Spearman |
| 19:33 | Build | House |
| 19:52 | Research | Castle Age |
| 20:31 | Build | Farm |
| 20:33 | Build | Farm |
| 20:34 | Build | Farm |
| 20:43 | Research | Bloodlines |
| 20:59 | Create | Spearman |
| 21:00 | Create | Spearman |
| 21:03 | Build | Farm |
| 21:15 | Research | Scale Barding Armor |
| 21:23 | Create | Spearman |
| 21:50 | Build | Stable |
| 22:12 | Create | Villager (Male) |
| 22:17 | Build | House |
| 22:32 | Age | Castle Age |
| 22:33 | Create | Camel Scout |
| 22:37 | Research | Bow Saw |
| 22:45 | Research | Gold Mining |
| 22:52 | Create | Camel Scout |
| 23:10 | Create | Camel Scout |
| 23:13 | Build | House |
| 23:17 | Create | Villager (Male) |
| 23:18 | Create | Villager (Male) |
| 23:31 | Create | Camel Scout |
| 23:47 | Create | Camel Scout |
| 24:14 | Research | Husbandry |
| 24:22 | Create | Camel Scout |
| 24:27 | Create | Villager (Male) |
| 24:28 | Create | Villager (Male) |
| 24:44 | Build | Farm |
| 24:46 | Build | Farm |
| 24:47 | Create | Camel Scout |
| 24:48 | Create | Camel Scout |
| 25:08 | Create | Camel Scout |
| 25:09 | Create | Camel Scout |
| 25:30 | Create | Camel Scout |
| 25:30 | Create | Camel Scout |
| 25:30 | Create | Camel Scout |
| 25:38 | Create | Villager (Male) |
| 25:38 | Create | Villager (Male) |
| 26:00 | Create | Camel Scout ×2 |
| 26:14 | Create | Villager (Male) |
| 26:35 | Create | Camel Scout ×2 |
| 26:39 | Create | Villager (Male) |
| 26:44 | Build | House |
| 26:46 | Build | House |
| 26:59 | Create | Villager (Male) |
| 27:05 | Research | Squires |
| 27:16 | Create | Camel Scout ×2 |
| 27:31 | Create | Camel Scout |
| 27:46 | Build | House |
| 27:50 | Create | Camel Scout ×2 |
| 28:23 | Build | House |
| 28:26 | Research | Iron Casting |
| 28:39 | Create | Villager (Male) |
| 28:39 | Create | Villager (Male) |
| 28:44 | Build | Town Center |
| 29:03 | Build | House |
| 29:03 | Build | House |
| 29:05 | Create | Camel Scout ×2 |
| 29:06 | Create | Camel Scout |
| 29:32 | Create | Villager (Male) |
| 29:32 | Create | Villager (Male) |
| 29:42 | Create | Camel Scout ×2 |
| 30:02 | Create | Villager (Male) ×2 |
| 30:05 | Build | House |
| 30:05 | Build | House |
| 30:17 | Create | Camel Scout ×2 |
| 30:34 | Build | Farm |
Build order — juanca12
First 150 of 362 actions detected
| 0:05 | Build | Town Center |
| 1:03 | Create | Villager (Male) |
| 1:03 | Create | Villager (Male) |
| 1:04 | Create | Villager (Male) |
| 1:40 | Build | Lumber Camp |
| 1:48 | Build | Lumber Camp |
| 1:52 | Create | Villager (Male) |
| 2:04 | Create | Villager (Male) |
| 2:35 | Create | Villager (Male) |
| 3:03 | Create | Villager (Male) |
| 3:23 | Create | Villager (Male) |
| 4:15 | Create | Villager (Male) |
| 4:35 | Create | Villager (Male) |
| 5:07 | Create | Villager (Male) |
| 5:15 | Create | Villager (Male) |
| 5:34 | Build | Mill |
| 5:50 | Build | House |
| 6:01 | Create | Villager (Male) |
| 6:26 | Create | Villager (Male) |
| 6:32 | Research | Feudal Age |
| 7:58 | Create | Villager (Male) |
| 8:39 | Build | Barracks |
| 8:55 | Build | Mill |
| 9:00 | Create | Villager (Male) |
| 9:03 | Age | Feudal Age |
| 9:27 | Build | Mill |
| 9:33 | Create | Villager (Male) |
| 9:35 | Build | House |
| 9:42 | Build | House |
| 9:59 | Build | House |
| 10:18 | Create | Villager (Male) |
| 10:43 | Create | Villager (Male) |
| 11:04 | Create | Villager (Male) |
| 11:23 | Research | Loom |
| 11:49 | Create | Villager (Male) |
| 12:01 | Build | Stable |
| 12:10 | Create | Spearman |
| 12:27 | Create | Villager (Male) |
| 12:43 | Create | Scout Cavalry |
| 12:52 | Research | Bloodlines |
| 12:54 | Create | Villager (Male) |
| 13:19 | Create | Spearman |
| 13:27 | Create | Villager (Male) |
| 13:51 | Build | Stable |
| 13:54 | Create | Villager (Male) |
| 14:02 | Create | Scout Cavalry |
| 14:23 | Create | Villager (Male) |
| 14:47 | Create | Villager (Male) |
| 14:50 | Build | Farm |
| 14:53 | Research | Horse Collar |
| 14:55 | Build | House |
| 14:59 | Create | Scout Cavalry |
| 14:59 | Create | Scout Cavalry |
| 15:19 | Create | Villager (Male) |
| 15:31 | Build | Blacksmith |
| 15:49 | Create | Villager (Male) |
| 15:55 | Build | House |
| 16:13 | Create | Scout Cavalry |
| 16:13 | Create | Scout Cavalry |
| 16:15 | Create | Villager (Male) |
| 16:23 | Build | Farm |
| 16:42 | Create | Villager (Male) |
| 16:47 | Build | Market |
| 17:04 | Build | Farm |
| 17:05 | Build | Farm |
| 17:05 | Build | Farm |
| 17:05 | Build | Farm |
| 17:05 | Build | Farm |
| 17:12 | Create | Villager (Male) |
| 17:25 | Create | Scout Cavalry |
| 17:48 | Create | Villager (Male) |
| 18:33 | Research | Castle Age |
| 18:45 | Build | Farm |
| 18:45 | Build | Farm |
| 18:56 | Build | House |
| 18:58 | Build | House |
| 18:58 | Build | House |
| 18:59 | Build | House |
| 19:33 | Research | Scale Barding Armor |
| 20:33 | Create | Villager (Male) |
| 20:50 | Build | House |
| 21:02 | Research | Forging |
| 21:09 | Research | Forging |
| 21:13 | Age | Castle Age |
| 21:14 | Research | Forging |
| 21:17 | Create | Steppe Lancer |
| 21:31 | Create | Villager (Male) |
| 21:34 | Build | Town Center |
| 21:39 | Build | Mining Camp |
| 21:44 | Build | Mining Camp |
| 21:47 | Create | Villager (Male) |
| 21:51 | Create | Steppe Lancer |
| 21:51 | Create | Steppe Lancer |
| 22:01 | Build | Farm |
| 22:01 | Build | Farm |
| 22:01 | Build | Farm |
| 22:01 | Build | Farm |
| 22:02 | Build | Farm |
| 22:02 | Build | Farm |
| 22:27 | Create | Steppe Lancer |
| 22:30 | Create | Villager (Male) |
| 22:44 | Research | Double-Bit Axe |
| 23:04 | Create | Villager (Male) |
| 23:11 | Create | Steppe Lancer |
| 23:12 | Create | Steppe Lancer |
| 23:16 | Build | Farm |
| 23:16 | Build | Farm |
| 23:16 | Build | Farm |
| 23:16 | Build | Farm |
| 23:19 | Build | Mill |
| 23:20 | Build | Farm |
| 23:20 | Build | Farm |
| 23:21 | Build | Farm |
| 23:21 | Build | Farm |
| 23:21 | Build | Farm |
| 23:21 | Build | Farm |
| 23:21 | Build | Farm |
| 23:31 | Create | Steppe Lancer |
| 23:38 | Create | Villager (Male) |
| 23:40 | Create | Villager (Male) |
| 24:03 | Create | Villager (Male) |
| 24:03 | Create | Villager (Male) |
| 24:21 | Create | Villager (Male) |
| 24:21 | Create | Villager (Male) |
| 24:32 | Create | Villager (Male) |
| 24:32 | Create | Villager (Male) |
| 24:40 | Build | Farm |
| 24:40 | Build | Farm |
| 24:53 | Create | Villager (Male) |
| 24:54 | Create | Villager (Male) |
| 24:54 | Create | Villager (Male) |
| 25:01 | Build | Mining Camp |
| 25:08 | Create | Steppe Lancer |
| 25:09 | Create | Steppe Lancer |
| 25:44 | Create | Villager (Male) |
| 25:46 | Research | Wheelbarrow |
| 25:46 | Create | Villager (Male) |
| 25:47 | Create | Villager (Male) |
| 26:10 | Research | Chain Barding Armor |
| 26:10 | Research | Chain Barding Armor |
| 26:29 | Create | Villager (Male) |
| 26:29 | Create | Villager (Male) |
| 26:49 | Create | Villager (Male) |
| 26:50 | Create | Villager (Male) |
| 26:55 | Research | Husbandry |
| 26:55 | Create | Steppe Lancer |
| 26:56 | Create | Steppe Lancer |
| 27:09 | Research | Fletching |
| 27:33 | Create | Villager (Male) |
| 27:33 | Create | Villager (Male) |
Build order — Don Cath!
First 150 of 382 actions detected
| 0:06 | Build | Town Center |
| 1:06 | Create | Villager (Male) |
| 1:06 | Create | Villager (Male) |
| 1:07 | Create | Villager (Male) |
| 1:07 | Create | Villager (Male) |
| 1:45 | Create | Villager (Male) |
| 2:02 | Build | Lumber Camp |
| 2:35 | Create | Villager (Male) |
| 2:48 | Create | Villager (Male) |
| 3:27 | Create | Villager (Male) |
| 3:43 | Create | Villager (Male) |
| 4:14 | Create | Villager (Male) |
| 5:17 | Create | Villager (Male) |
| 5:25 | Build | House |
| 5:34 | Create | Villager (Male) |
| 5:58 | Create | Villager (Male) |
| 6:15 | Build | House |
| 6:39 | Create | Villager (Male) |
| 6:50 | Build | Palisade Wall |
| 7:06 | Create | Villager (Male) |
| 7:13 | Build | Mill |
| 7:31 | Build | Barracks |
| 7:50 | Build | Mill |
| 7:58 | Research | Feudal Age |
| 8:10 | Build | Mining Camp |
| 8:30 | Build | Palisade Wall |
| 8:32 | Research | Loom |
| 10:08 | Age | Feudal Age |
| 10:08 | Research | Double-Bit Axe |
| 10:11 | Build | Archery Range |
| 10:21 | Create | Villager (Male) |
| 10:46 | Create | Archer |
| 10:49 | Create | Villager (Male) |
| 11:05 | Build | Blacksmith |
| 11:09 | Build | House |
| 11:12 | Create | Villager (Male) |
| 11:17 | Create | Archer |
| 11:35 | Create | Villager (Male) |
| 11:43 | Create | Archer |
| 12:11 | Research | Fletching |
| 12:12 | Create | Villager (Male) |
| 12:20 | Build | Lumber Camp |
| 12:27 | Build | House |
| 12:36 | Create | Archer |
| 12:37 | Create | Villager (Male) |
| 12:57 | Create | Archer |
| 13:01 | Create | Villager (Male) |
| 13:07 | Build | House |
| 13:19 | Build | House |
| 13:25 | Build | House |
| 13:33 | Build | Palisade Wall |
| 13:35 | Create | Archer |
| 13:36 | Create | Villager (Male) |
| 13:44 | Build | Building 796 |
| 13:54 | Create | Archer |
| 13:56 | Create | Villager (Male) |
| 14:08 | Create | Villager (Male) |
| 14:38 | Create | Archer |
| 14:39 | Create | Villager (Male) |
| 15:06 | Create | Archer |
| 15:26 | Create | Archer |
| 15:27 | Create | Villager (Male) |
| 15:27 | Create | Villager (Male) |
| 15:30 | Build | House |
| 15:31 | Build | House |
| 15:39 | Build | Archery Range |
| 15:58 | Create | Archer |
| 16:01 | Create | Spearman |
| 16:02 | Create | Spearman |
| 16:23 | Create | Villager (Male) |
| 16:50 | Create | Archer |
| 16:51 | Create | Villager (Male) |
| 16:54 | Create | Archer |
| 16:55 | Create | Archer |
| 16:59 | Build | Farm |
| 17:00 | Build | Farm |
| 17:03 | Create | Spearman |
| 17:25 | Create | Villager (Male) |
| 17:38 | Create | Spearman |
| 17:54 | Build | House |
| 17:56 | Build | House |
| 17:59 | Create | Villager (Male) |
| 18:02 | Research | Horse Collar |
| 18:11 | Build | Market |
| 18:25 | Build | House |
| 18:34 | Create | Villager (Male) |
| 18:37 | Create | Archer |
| 18:38 | Create | Archer |
| 18:49 | Build | Farm |
| 18:50 | Build | Farm |
| 18:50 | Build | Farm |
| 18:51 | Build | Farm |
| 19:01 | Build | House |
| 19:10 | Create | Villager (Male) |
| 19:13 | Create | Archer |
| 19:13 | Create | Archer |
| 19:24 | Build | Farm |
| 19:32 | Create | Archer |
| 19:32 | Create | Archer |
| 19:41 | Build | Archery Range |
| 19:44 | Create | Villager (Male) |
| 19:55 | Build | Farm |
| 19:57 | Build | Farm |
| 19:58 | Build | Farm |
| 20:00 | Build | Farm |
| 20:03 | Build | Farm |
| 20:07 | Build | Farm |
| 20:08 | Build | Farm |
| 20:10 | Create | Villager (Male) |
| 20:12 | Build | Farm |
| 20:25 | Build | Farm |
| 20:30 | Build | Farm |
| 20:31 | Build | Farm |
| 20:35 | Create | Villager (Male) |
| 20:36 | Create | Archer |
| 20:37 | Create | Archer |
| 20:42 | Build | Farm |
| 20:47 | Build | Farm |
| 20:50 | Create | Archer |
| 20:50 | Create | Archer |
| 20:53 | Create | Villager (Male) |
| 20:57 | Build | Farm |
| 21:02 | Create | Archer |
| 21:02 | Create | Archer |
| 21:03 | Create | Archer |
| 21:10 | Build | Farm |
| 21:14 | Build | Farm |
| 21:25 | Create | Villager (Male) |
| 21:34 | Create | Archer |
| 21:56 | Build | House |
| 22:05 | Research | Castle Age |
| 22:31 | Create | Archer |
| 22:31 | Create | Archer |
| 22:32 | Create | Archer |
| 22:35 | Research | Gold Mining |
| 22:39 | Build | Mining Camp |
| 22:48 | Build | Lumber Camp |
| 22:58 | Research | Padded Archer Armor |
| 23:29 | Create | Archer |
| 23:30 | Create | Archer |
| 23:30 | Create | Archer |
| 24:05 | Create | Villager (Male) |
| 24:19 | Build | House |
| 24:25 | Build | Palisade Wall |
| 24:29 | Build | Palisade Wall |
| 24:45 | Age | Castle Age |
| 24:51 | Research | Crossbowman (upgrade) |
| 25:03 | Research | Bodkin Arrow |
| 25:12 | Build | University |
| 25:14 | Create | Villager (Male) |
Match timeline
| 6:27 | Scho-Ko_Gnu · first_building Barracks |
| 6:50 | Don Cath! · wall_segment Palisade Wall x1 |
| 7:31 | Don Cath! · first_building Barracks |
| 8:00 | Morrión · first_building Barracks |
| 8:09 | Morrión · wall_segment Palisade Wall x1 |
| 8:30 | Don Cath! · wall_segment Palisade Wall x4 |
| 8:34 | Scho-Ko_Gnu · wall_segment Palisade Wall x3 |
| 8:39 | juanca12 · first_building Barracks |
| 9:03 | juanca12 · age_up feudal |
| 9:34 | Scho-Ko_Gnu · age_up feudal |
| 9:35 | Scho-Ko_Gnu · first_building Stable |
| 10:08 | Don Cath! · age_up feudal |
| 10:11 | Don Cath! · first_building Archery Range |
| 10:33 | Morrión · age_up feudal |
| 11:32 | Morrión · first_building Stable |
| 12:01 | juanca12 · first_building Stable |
| 13:33 | Don Cath! · wall_segment Palisade Wall x7 |
| 16:20 | Morrión · age_up castle |
| 16:58 | Scho-Ko_Gnu · first_building Archery Range |
| 17:38 | juanca12 · first_market_sell 100 stone |
| 17:39 | juanca12 · first_market_buy 100 food |
| 19:38 | Scho-Ko_Gnu · first_market_sell 100 stone |
| 19:43 | Scho-Ko_Gnu · first_market_buy 100 food |
| 21:13 | juanca12 · age_up castle |
| 22:03 | Don Cath! · first_market_buy 100 food |
| 22:32 | Scho-Ko_Gnu · age_up castle |
| 24:25 | Don Cath! · wall_segment Palisade Wall x1 |
| 24:29 | Don Cath! · wall_segment Palisade Wall x1 |
| 24:45 | Don Cath! · age_up castle |
| 26:38 | Morrión · first_market_sell 100 food |
| 26:50 | Don Cath! · first_market_sell 100 food |
| 29:43 | Don Cath! · first_building Siege Workshop |
| 29:50 | Morrión · first_market_buy 100 stone |
| 30:14 | Morrión · first_building Castle |
| 32:32 | Don Cath! · wall_segment Palisade Wall x1 |
| 32:35 | Don Cath! · wall_segment Palisade Wall x1 |
| 32:37 | Don Cath! · wall_segment Palisade Wall x1 |
| 32:51 | juanca12 · first_building Castle |
| 35:25 | juanca12 · first_building Monastery |
| 35:34 | Morrión · wall_segment Palisade Wall x2 |
| 38:48 | juanca12 · age_up imperial |
| 39:14 | Morrión · wall_segment Stone Wall x3 |
| 42:02 | juanca12 · tribute_sent a jugador 1 |
| 42:02 | juanca12 · tribute_sent a jugador 2 |
| 42:02 | juanca12 · tribute_sent a jugador 4 |
| 42:31 | Morrión · wall_segment Stone Wall x1 |
| 42:55 | Don Cath! · age_up imperial |
| 45:15 | Don Cath! · first_building Castle |
| 45:41 | Morrión · wall_segment Stone Wall x4 |
| 45:46 | Morrión · wall_segment Stone Wall x5 |
| 46:51 | Morrión · tribute_sent a jugador 2 |
| 46:51 | Morrión · tribute_sent a jugador 3 |
| 46:51 | Morrión · tribute_sent a jugador 4 |
| 49:53 | Scho-Ko_Gnu · resign |
[ AI ANALYSIS · 1 CREDIT ]
What really happened in this match?
Wolo.gg analyzes every decision: build order, eco, micro, common mistakes by bracket. Personalized analysis on WhatsApp or Discord in 30 seconds.
Civ guide
Jurchens
Perfil
Jugador #270501